 Dungeon Crawl Stone Soup version 0.20-a0-800-g4a616ed (webtiles) character file.

1012 Laan the Cleaver (level 7, -1/53 HPs)
             Began as a Demigod Skald on Mar 2, 2017.
             Slain by a sky beast (3 damage)
             ... on level 6 of the Dungeon.
             The game lasted 00:08:11 (5009 turns).

Laan the Cleaver (Demigod Skald)                    Turns: 5009, Time: 00:08:12

Health: -1/53      AC:  8    Str: 11 (14) XL:     7   Next: 69%
Magic:  12/12      EV: 10    Int: 19 (21) God:
Gold:   235        SH:  0    Dex: 17 (20) Spells: 8/9 levels left

rFire    . . .     SeeInvis .   g - +2 hand axe (venom)
rCold    . . .     Gourm    .   w - +0 chain mail
rNeg     . . .     Faith    .   (no shield)
rPois    .         Spirit   .   (no helmet)
rElec    .         Reflect  .   (no cloak)
rCorr    .         Harm     .   (no gloves)
MR       .....                  (no boots)
Stlth    +.........             (no amulet)
Regen    0.2/turn               (no ring)
MPRegen  0.2/turn               q - ring of stealth

@: agile, flying
A: high mp 1
a: no special abilities


You were on level 6 of the Dungeon.
You were not hungry.

You visited 1 branch of the dungeon, and saw 6 of its levels.

You collected 235 gold pieces.

Inventory:

Hand Weapons
 g - a +2 hand axe of venom (weapon)
Armour
 w - a +0 chain mail (worn)
Magical Staves
 o - an uncursed staff of summoning {unknown}
Jewellery
 q - a ring of stealth (left hand)
Wands
 x - a wand of paralysis (3/24)
Scrolls
 a - 2 scrolls of fog {unknown}
 b - 2 scrolls of amnesia {unknown}
 e - 2 scrolls of enchant weapon {unknown}
 h - 4 scrolls of remove curse {unknown}
 i - 6 scrolls of identify {unknown}
 j - 2 scrolls of recharging {unknown}
 p - a scroll of blinking {unknown}
 r - 2 scrolls of random uselessness {unknown}
 u - 3 scrolls of teleportation {unknown}
 y - a scroll of vulnerability {unknown}
Potions
 m - a potion of might {unknown}
 s - 3 potions of flight
 t - a potion of heal wounds {unknown}
 v - a potion of mutation {unknown}
Books
 c - a book of Battle

   Spells                             Type                      Level
   a - Infusion                       Charms                       1
   b - Shroud of Golubria             Charms/Translocation         2
   c - Song of Slaying                Charms                       2
   d - Spectral Weapon                Hexes/Charms                 3
   e - Regeneration                   Charms/Necromancy            3
Comestibles
 d - 5 bread rations
 k - 2 meat rations
 n - 7 fruits


   Skills:
 - Level 1.7 Fighting
 + Level 8.7 Axes
 - Level 0.8 Armour
 - Level 1.7 Dodging
 - Level 1.7 Spellcasting
 - Level 2.6 Charms


You had 8 spell levels left.
You knew the following spells:

 Your Spells              Type           Power        Failure   Level  Hunger
a - Infusion              Chrm           ##..         100%        1    #......


Dungeon Overview and Level Annotations

Branches:
Dungeon (6/15)             Temple (0/1) D:6


Innate Abilities, Weirdness & Mutations

You have an increased reservoir of magic. (+10% MP)


Message History

The sky beast hits you but does no damage.
You closely miss the sky beast.
The sky beast is moderately wounded.
The orc priest calls down the wrath of Beogh upon you.
Beogh smites you!
* * * LOW HITPOINT WARNING * * *
The sky beast hits you but does no damage.
It was a potion of flight.
You feel very buoyant.
You fly up into the air.
The sky beast flickers out of sight!
Deactivating autopickup; reactivate with Ctrl-A.
Something hits you but does no damage.
It was a potion of degeneration.
There was something very wrong with that liquid.
You feel weakened.
You feel dopey.
You feel clumsy. Something hits you but does no damage.
It was a potion of agility.
You feel agile all of a sudden. Something hits you.
You die...

§≈.........# #.#
§........### #.#
.........# #.#
.........## #.#
..........# #####.#
......<...# #.....#
..........# #.##..#
.....#)#..# #.##..#
######.#...# #@##..#
#.#.# #{#.... #.#.#
#o#..... ######.#.#
####o#......
.......#.##.#..o{##..####
######.#)##......#
#......<.....<...[...#
#.####.#.###.........#
#.#.# ##........#


You could see an orc priest and 2 orcs.

Vanquished Creatures
  Sigmund (D:5)
  An ogre (D:4)
  A bullfrog (D:6)
  A scorpion (D:4)
  A howler monkey (D:5)
  A crimson imp (D:6)
  A hound (D:2)
  An orc priest (D:4)
  An orc wizard (D:5)
  A bullfrog skeleton (D:6)
  Jessica (D:2)
  A gnoll shaman (D:5)
  Natasha (twice) (D:3)
  A worker ant (D:5)
  7 adders
  8 gnolls
  7 river rats (D:4)
  A shadow imp (D:6)
  3 worms
  3 dart slugs
  2 leopard geckos (D:3)
  18 orcs
  4 giant cockroaches
  5 goblins
  11 hobgoblins
  2 quokkas
  9 bats
  11 frilled lizards
  9 kobolds
  18 rats
133 creatures vanquished.

Notes
Turn   | Place    | Note
-------+----------+-------------------------------------------
     0 | D:1      | Laan the Demigod Skald began the quest for the Orb.
     0 | D:1      | Reached XP level 1. HP: 17/17 MP: 5/5
    14 | D:1      | Reached skill level 2 in Axes
   288 | D:1      | Reached XP level 2. HP: 13/24 MP: 7/7
   590 | D:1      | Reached skill level 3 in Axes
   817 | D:2      | Reached XP level 3. HP: 7/29 MP: 8/8
  1667 | D:2      | Noticed Jessica
  1674 | D:2      | Killed Jessica
  1674 | D:2      | Reached skill level 4 in Axes
  1674 | D:2      | Reached XP level 4. HP: 32/36 MP: 9/9
  1755 | D:2      | Found a burning altar of Makhleb.
  2189 | D:3      | Reached skill level 5 in Axes
  2189 | D:3      | Reached XP level 5. HP: 33/41 MP: 10/10
  2326 | D:3      | Noticed Natasha
  2332 | D:3      | Killed Natasha
  2449 | D:3      | Noticed Natasha
  2458 | D:3      | Killed Natasha
  2841 | D:4      | Reached skill level 6 in Axes
  2930 | D:4      | Reached XP level 6. HP: 38/48 MP: 11/11
  3097 | D:4      | Reached skill level 7 in Axes
  3591 | D:5      | Entered Level 5 of the Dungeon
  3802 | D:5      | Reached XP level 7. HP: 45/53 MP: 12/12
  3867 | D:5      | Noticed Sigmund
  3885 | D:5      | Killed Sigmund
  3885 | D:5      | Reached skill level 8 in Axes
  4829 | D:6      | Found a staircase to the Ecumenical Temple.
  5006 | D:6      | HP: 1/53 [orc priest/divine providence (11)]
  5009 | D:6      | Slain by a sky beast

Vault maps used:
D:1:      evilmike_arrival_run_for_it
D:2:      grunt_ministairs_14, makhleb_blood_cavern_becter, uniq_jessica
D:3:      uniq_natasha
D:4:      dk_rats_in_the_wall
D:5:      first_bread, uniq_sigmund
D:6:      minmay_temple_entry_mist

Skill      XL: |  1  2  3  4  5  6  7 |
---------------+----------------------+-----
Axes           | 2 3 4 5 6 7 8 |  8.7
Fighting       | |  1.7
Armour         | |  0.8
Dodging        | |  1.7
Spellcasting   | |  1.7
Charms         | |  2.6

Action                   |  1- 3 |  4- 6 |  7- 9 || total
-------------------------+-------+-------+-------++-------
Melee: Hand axe          |   130 |   187 |    63 ||   380
  Use: Potion            |     2 |       |     4 ||     6
  Eat: Chunk             |     2 |     8 |     3 ||    13
Armor: Leather armour    |    24 |       |       ||    24
       Scale mail        |     8 |    39 |       ||    47
       Chain mail        |       |    21 |    29 ||    50
Dodge: Dodged            |   112 |    75 |    15 ||   202
